 Dungeon Crawl Stone Soup version 0.28.0-45-g0d030f2227 (webtiles) character file.

Game seed: 16259218212890975332

0 MisterFreud the Covert (level 1, -8/23 HPs)
             Began as a Gnoll Delver on May 14, 2022.
             Was an Initiate of Nemelex Xobeh.
             Mangled by Sigmund
             ... wielding a +0 scythe
              (12 damage)
             ... on level 4 of the Dungeon.
             The game lasted 00:00:58 (190 turns).

MisterFreud the Covert (Gnoll Delver)                Turns: 190, Time: 00:00:59

Health: -8/23      AC:  3    Str: 11    XL:     1   Next: 0%
Magic:  1/1        EV: 13    Int:  9    God:    Nemelex Xobeh [......]
Gold:   27         SH:  0    Dex: 13    Spells: 0/0 levels left

rFire   . . .      SeeInvis .   a - +0 short sword
rCold   . . .      Faith    .   (no shield)
rNeg    . . .      Spirit   .   b - +0 leather armour
rPois   .          Reflect  .   (no helmet)
rElec   .          Harm     .   (no cloak)
rCorr   .          Rampage  .   (no gloves)
Will    .....                   (no boots)
Stlth   +.........              (no amulet)
HPRegen 0.07/turn               (no ring)
MPRegen 0.07/turn               (no ring)

@: confused
A: fangs 1, strong nose, distributed training
a: Renounce Religion, Draw Escape, Draw Destruction, Draw Summoning


You were on level 4 of the Dungeon.
You worshipped Nemelex Xobeh.
Nemelex Xobeh was noncommittal.
You visited 1 branch of the dungeon, and saw 3 of its levels.

You collected 27 gold pieces.

Inventory:

Hand Weapons
 a - a +0 short sword (weapon)
Armour
 b - a +0 leather armour (worn)
Wands
 g - a wand of digging (6)
Scrolls
 c - a scroll of fog
 d - a scroll of magic mapping
 e - a scroll of fear
Potions
 f - a potion of haste
 h - a potion of heal wounds
 i - a potion of attraction {unknown}


   Skills:
 + Level 6.4 Fighting
 + Level 4.4 Short Blades
 + Level 0.0 Long Blades
 + Level 0.0 Axes
 + Level 0.0 Maces & Flails
 + Level 0.0 Polearms
 + Level 0.0 Staves
 + Level 0.0 Slings
 + Level 0.0 Bows
 + Level 0.0 Crossbows
 + Level 0.0 Throwing
 + Level 0.0 Armour
 + Level 4.4 Dodging
 + Level 9.5 Stealth
 + Level 0.0 Shields
 + Level 0.0 Unarmed Combat
 + Level 0.0 Spellcasting
 + Level 0.0 Conjurations
 + Level 0.0 Hexes
 + Level 0.0 Summonings
 + Level 0.0 Necromancy
 + Level 0.0 Translocations
 + Level 0.0 Transmutations
 + Level 0.0 Fire Magic
 + Level 0.0 Ice Magic
 + Level 0.0 Air Magic
 + Level 0.0 Earth Magic
 + Level 0.0 Poison Magic
 + Level 0.0 Invocations
 + Level 0.0 Evocations


You couldn't memorise any spells.
You didn't know any spells.
Your spell library was empty.

Dungeon Overview and Level Annotations

Branches:
Dungeon (6/15)
 Temple: D:4-7

Altars:
Nemelex Xobeh
Zin

Shops:
D:5 *

Annotations:
D:4 Sigmund


Innate Abilities, Weirdness & Mutations

You have very sharp teeth.
Your uncanny sense of smell can sniff out nearby items.
Your experience applies equally to all skills.


Message History

Found a hunting sling and 15 stones.
There is a stone staircase leading down here.
You climb downwards.
There is a stone staircase leading up here.
Found a robe.
Found a stone staircase leading down.
A black bear comes into view.
There is a stone staircase leading up here.
You climb upwards.
There is a stone staircase leading down here.
Found an escape hatch in the floor.
Found a scroll labelled VUODGH PAXEPTI and a long sword.
Sigmund the Dreaded comes into view.
He is wielding a +0 scythe.
Found a trident.
The helpless Sigmund fails to defend himself.
You impale Sigmund!!
Sigmund is almost dead.
Sigmund gestures at you while chanting.
You are confused.
Unknown command.
Okay, then.
Unknown command.
It was a potion of heal wounds.
You feel much better.
Sigmund laughs darkly.
Sigmund mumbles some strange words.
Sigmund flickers and vanishes!
Deactivating autopickup; reactivate with Ctrl-A.
You closely miss something. Something barely misses you.
Something hits you but does no damage.
You miss something. Your punch misses something.
You hear some strange, mumbled words.
A puff of flame appears from out of thin air!
The puff of flame hits you!
A magic dart appears from out of thin air!
The magic dart hits you!
* * * LOW HITPOINT WARNING * * *
You see here a +0 trident.
Something hits you!
Ouch! That really hurt!
You die...
Your body disappears without a glow.

### ..... #.. #...#
#.# #...# #.# #...#
#.# #...# #.#
########...#######.#
#.#...{...............
#....@..............##
#.....).?...........##
#.#.######...######>##
# #. #...# #.## #
#....# #.## ...≈≈..♣
P.≈≈ #)#.≈≈P..P ..≈≈
#.#..P.♣♣.♣♣P.. ♣♣.P


There were no monsters in sight!

Vanquished Creatures (others)
  10 fungi (D:5)
10 creatures vanquished.

Notes
Turn   | Place    | Note
-------+----------+-------------------------------------------
     0 | D:5      | Reached skill level 9 in Stealth
     0 | D:5      | MisterFreud the Gnoll Delver began the quest for the Orb.
     0 | D:5      | Reached XP level 1. HP: 23/23 MP: 1/1
     5 | D:5      | Found a glowing silver altar of Zin.
    59 | D:5      | Found a sparkling altar of Nemelex Xobeh.
    67 | D:5      | Became a worshipper of Nemelex Xobeh the Trickster
   151 | D:5      | Noticed a black bear
   176 | D:4      | Noticed Sigmund
   190 | D:4      | Mangled by Sigmund

Illustrated notes

Levels and vault maps discovered:
D:4:      minmay_thinvault, layout_loops_cross,
          nicolae_dithmenos_through_a_glass_darkly,
          nicolae_elyvilon_peaceful_grove, nicolae_figureground_sparkle,
          uniq_sigmund
D:5:      layout_basic, zin_purify, nicolae_wu_jian_glorious_leap,
          overflow_temple_1_default, kiku_gazebo_garden_becter,
          minmay_temple_entry_tees, serial_aquarium, aquarium_bridge_square
          [aquarium_subvault_wall, aquarium_subvault_bridge,
          aquarium_subvault_wall, aquarium_subvault_window],
          aquarium_bridge_straight [aquarium_subvault_bridge,
          aquarium_subvault_window, aquarium_subvault_bridge,
          aquarium_subvault_window], aquarium_window_corridor_1,
          aquarium_window_fake, aquarium_window_1, aquarium_window_1,
          aquarium_view_2c, aquarium_view_2a, uniq_pikel
D:6:      layout_loops_corners, amcnicky_altar_gilded, gammafunk_ghost_cemetery,
          uniq_edmund

Skill      XL: | |
---------------+-+-----
Stealth        | |  9.5
Fighting       | |  6.4
Short Blades   | |  4.4
Dodging        | |  4.4

Action                   || total
-------------------------++-------
Melee: Short sword       ||     3
  Use: Potion            ||     1
 Stab: Sleeping          ||     1
Armor: Leather armour    ||     1
Dodge: Dodged            ||     1
